 Dungeon Crawl Stone Soup version 0.14-a0-1169-g4815781 (webtiles) character file.

170 Mitsuki the Ruinous (level 4, -2/21 HPs)
             Began as a Spriggan Conjurer on Nov 29, 2013.
             Slain by a gnoll
             ... wielding a +0,+0 halberd
              (14 damage)
             ... on Level 2 of the Dungeon.
             The game lasted 00:18:46 (2011 turns).

Mitsuki the Ruinous (Spriggan Conjurer)             Turns: 2011, Time: 00:18:46

HP  -2/21        AC  2     Str  4      XL: 4   Next: 46%
MP   0/12        EV 18     Int 17      God:
Gold 70          SH  0     Dex 16      Spells:  3 memorised,  2 levels left

rFire  . . .     SeeInvis +     (no weapon)
rCold  . . .     Clarity  .     a - +0 robe
rNeg   . . .     Conserve .     (shield restricted)
rPois  .         rCorr    .     (helmet restricted)
rElec  .         rRot     .     (no cloak)
SustAb . .       Spirit   .     (gloves unavailable)
rMut   .         Warding  .     (boots unavailable)
Saprov . . .     Stasis   .     (no amulet)
                                (no ring)
                                (no ring)

@: very quick, slightly resistant to hostile enchantments, stealthy
A: unfitting armour, see invisible, herbivore 3, speed 3, slow metabolism 2
a: no special abilities


You were on level 2 of the Dungeon.
You were full.

You visited 1 branch of the dungeon, and saw 3 of its levels.

You collected 70 gold pieces.

Inventory:

Armour
 a - a +0 robe (worn)
Scrolls
 d - 2 scrolls of immolation
 g - a scroll of teleportation
Potions
 e - a potion of heal wounds {unknown}
Books
 c - a book of Conjurations

   Spells                             Type                      Level
   *Magic Dart                        Conjuration                  1
   *Searing Ray                       Conjuration                  2
   *Dazzling Spray                    Conjuration/Hexes            3
   Iskenderun's Mystic Blast          Conjuration                  4
   Iskenderun's Battlesphere          Conjuration/Charms           4
   Fulminant Prism                    Conjuration/Hexes            5


   Skills:
 + Level 3.4 Dodging
 + Level 3.1 Stealth
 * Level 2.7 Spellcasting
 + Level 4.0 Conjurations


You had 2 spell levels left.
You knew the following spells:

 Your Spells              Type           Power        Failure   Level  Hunger
a - Magic Dart            Conj           ###.         3%          1    #......
b - Searing Ray           Conj           ###...       6%          2    ##.....
c - Dazzling Spray        Conj/Hex       #.......     24%         3    ###....


Dungeon Overview and Level Annotations

Branches:
Dungeon (3/16)

Altars:


Innate Abilities, Weirdness & Mutations

You are tiny and cannot use many weapons and most armour.
You have supernaturally acute eyesight.
You are a herbivore.
You cover ground extremely quickly.
You need consume almost no food.


Message History

The gnoll drops an uncursed spear.
The gnoll picks up an uncursed halberd.
The gnoll wields an uncursed halberd.
Casting: Searing Ray
Confirm with . or Enter, or press ? or * to list all spells.
Aiming: Searing Ray
Press: ? - help, Shift-Dir - straight line, f/p - gnoll
Aim: a gnoll, wielding a halberd The searing ray hits the gnoll.
The gnoll is heavily wounded.
The gnoll misses you.
The searing ray hits the gnoll.
You kill the gnoll!
The searing ray hits the gnoll.
The gnoll is moderately wounded.
The gnoll closely misses you.
The searing ray hits the gnoll.
The gnoll is heavily wounded.
The gnoll hits you from afar with an uncursed halberd!
Ouch! That really hurt!
You die...

#.####.##.........#
#.# #.##.........#
#.####.#########.##
...........# #.#
#.####.###.# #)#
#.# #.# #.# #.# ..#
#.# #.# #g# ..# #.#
#.# #.# ..# #.# #.#
#@# [.#
#.###.#####.# ###
#........##.#
######........##.#
..<...........##.#
######........##.#
#.....######.#
#%....# #.# #.....#
#.#


You could see a gnoll.

Vanquished Creatures
  3 gnolls (D:2)
  3 adders (D:2)
  2 giant geckos
  An ooze (D:1)
  3 bats
  2 giant cockroaches
  4 hobgoblins
  5 kobolds
  2 quokkas (D:2)
  A ball python (D:2)
  3 giant newts
  9 goblins
  5 rats
43 creatures vanquished.

Notes
Turn   | Place    | Note
--------------------------------------------------------------
     0 | D:1      | Mitsuki, the Spriggan Conjurer, began the quest for the Orb.
     0 | D:1      | Reached XP level 1. HP: 9/9 MP: 4/4
   405 | D:1      | Reached XP level 2. HP: 13/13 MP: 3/6
   803 | D:1      | Learned a level 2 spell: Searing Ray
  1274 | D:2      | Reached XP level 3. HP: 16/16 MP: 6/9
  1820 | D:2      | Reached XP level 4. HP: 21/21 MP: 6/12
  1827 | D:2      | Learned a level 3 spell: Dazzling Spray
  1951 | D:2      | Reached skill level 4 in Conjurations
  2011 | D:2      | Slain by a gnoll

Action                   |  1- 3 |  4- 6 || total
-------------------------+-------+-------++-------
 Cast: Magic Dart        |    81 |       ||    81
       Searing Ray       |     5 |     4 ||     9
  Use: Scroll            |     4 |     1 ||     5
       Potion            |     1 |     1 ||     2
